Unix NetHack Version 5.0.0-0 post-release - last build Jun 10 2026 00:39:30 (3ee93aec679c4c4259841fe613dc97188e26a321,branch:main).

Game began 2026-06-15 15:19:51, ended 2026-06-15 15:34:48.

GdeVolpiano, neutral female human Tourist

         ---
        --.--
        |...|           ----
        |...-#--        ...---
         -.G.(%------ .......| --
       ---.GG#%.................-
       |...^..#----------     ............|
      --<......#                        .....-
     --..)).[..#-                           |
     |.....-....|
     --...h ....|
      |.........##
      |.............-
      #-#............-
        #--............
          -...............
           ..................
          ---....|.............-
            --..---.---.--.| ---
             ----  --  -- --
GdeVolpiano the Sightseer   St:15 Dx:10 Co:18 In:11 Wi:7 Ch:15  Neutral
Dlvl:5  $:1524 HP:0(48) Pw:15(15) AC:5  Xp:5 T:1711 

Latest messages:
 The dwarf hits!
 The gnome lord hits!
 You hit the dwarf.
 The gnome lord hits!
 You hit the dwarf.
 Atorox's ghost touches you!
 The gnome lord hits!
 The gnome picks up a slime mold.
 The gnome falls into a pit!
 The gnome is killed!
 You hit the dwarf.
 Atorox's ghost just misses!
 The gnome lord hits!
 You feel more confident in your weapon skills.
 You hit the gnome lord.
 The dwarf drinks a potion of healing!
 The dwarf looks better.
 The gnome picks up 2 fortune cookies.
 You miss the gnome lord.
 The gnome lord misses!
 You hit the gnome lord.
 The gnome lord misses!
 The gnome picks up 4 tripe rations.
 You start digging.
 You hit the rock with all your might.
 You stop digging.
 The gnome lord hits!
 The gnome picks up 21 darts.
 The gnome throws a dart!
 The gnome lord is almost hit by an arrow!
 The gnome lord picks up 2 arrows.
 The gnome throws a dart!
 You are hit by a dart!
 The dwarf attacks a spot beside you.
 You miss the dwarf.
 You miss the dwarf.
 The dwarf swings his broad pick.
 The dwarf hits!
 You hit the dwarf.
 The dwarf swings his broad pick.
 The dwarf misses!
 You miss the dwarf.
 You hit the dwarf.
 Atorox's ghost touches you!
 The dwarf swings his broad pick.
 The dwarf hits!
 You die...
 Do you want your possessions identified? [ynq] (y)
 Do you want to see your attributes? [ynq] (y)
 Do you want an account of creatures vanquished? [ynaq] (y)

Inventory:
 Coins    ('$')
  $ - 1524 gold pieces
 Weapons  (')')
  a - 2 +2 darts (at the ready)
 Armor    ('[')
  N - an uncursed +0 orcish helm (being worn)
  s - an uncursed +0 pair of leather gloves (being worn)
  y - an uncursed +0 pair of iron shoes (being worn)
  t - an uncursed +0 cloak of invisibility (being worn)
  D - a cursed +0 cloak of invisibility
  l - an uncursed +0 Hawaiian shirt with a giant eel motif
 Comestibles  ('%')
  f - an uncursed fig
  d - an uncursed cream pie
  e - 5 uncursed food rations
 Scrolls  ('?')
  Q - a cursed scroll of enchant armor
  H - a cursed scroll of gold detection
  R - a cursed scroll of identify
  U - a cursed scroll of light
  k - 4 uncursed scrolls of magic mapping
  V - 4 cursed scrolls of magic mapping
  q - an uncursed scroll of scare monster
 Spellbooks  ('+')
  r - an uncursed spellbook of light
 Potions  ('!')
  u - an uncursed potion of confusion
  W - 2 cursed potions of extra healing
  J - an uncursed potion of gain ability
  o - 2 uncursed potions of healing
  p - an uncursed potion of levitation
  X - an uncursed potion of see invisible
  T - a cursed potion of see invisible
 Rings    ('=')
  P - a cursed +0 ring of adornment
 Wands    ('/')
  S - a cursed wand of light (0:11)
  B - a wand of striking (0:3)
 Tools    ('(')
  n - an uncursed credit card
  m - an expensive camera (0:96)
  A - a +0 pick-axe (weapon in right hand)
  x - an uncursed tallow candle
 Gems/Stones  ('*')
  L - an uncursed opal
  O - an uncursed worthless piece of black glass
  C - 2 uncursed worthless pieces of red glass
  K - 3 uncursed worthless pieces of violet glass
  v - 7 uncursed flint stones
  G - an uncursed luckstone

GdeVolpiano the Tourist's attributes:

Background:
 You were a Sightseer, a level 5 female human Tourist.
 You were neutral, on a mission for The Lady
 who was opposed by Blind Io (lawful) and Offler (chaotic).
 You were right-handed.
 You were in the Gnomish Mines, on level 5.
 You entered the dungeon 1711 turns ago.
 There was a new moon in effect when your adventure ended.
 You had 315 experience points, 5 more were needed to attain level 6.

Basics:
 You had 0 out of 48 hit points.
 You had all 15 energy points (spell power).
 Your armor class was 5.
 Your wallet contained 1524 zorkmids.
 Autopickup was on for '$?!/="+' plus thrown, with exceptions.

Final Characteristics:
 Your strength was 15 (limit:18/100).
 Your dexterity was 10 (limit:18).
 Your constitution was 18 (limit:18).
 Your intelligence was 11 (limit:18).
 Your wisdom was 7 (limit:18).
 Your charisma was 15 (limit:18).

Final Status:
 You weren't hungry.
 You were unencumbered.
 You were wielding a pick-axe.
 You were unskilled in pick-axe and could have enhanced that.

Final Attributes:
 You were devoutly aligned.
 You were invisible.
 You were warded.
 You were lucky.
 You had extra luck.
 Bad luck did not time out for you.
 Good luck did not time out for you.
 You are dead.

Miscellaneous:
 You encountered 1 bones level.
 Total elapsed playing time was 14 minutes and 56 seconds.

Major events:
 Turn
    1: GdeVolpiano the neutral female human Tourist entered the dungeon
  468: entered the Gnomish Mines
  747: attained the rank of Sightseer (level 3)
 1711: killed by a dwarf

You didn't know any spells.

Skills:
 Fighting Skills
   bare handed combat [Unskilled]
   two weapon combat  [Unskilled]
   riding             [Unskilled]
 Weapon Skills
   dagger             [Unskilled]
   knife              [Unskilled]
   axe                [Unskilled]
   pick-axe           [Unskilled]
   short sword        [Unskilled]
   broadsword         [Unskilled]
   long sword         [Unskilled]
   two-handed sword   [Unskilled]
   saber              [Unskilled]
   mace               [Unskilled]
   morning star       [Unskilled]
   flail              [Unskilled]
   hammer             [Unskilled]
   quarterstaff       [Unskilled]
   polearms           [Unskilled]
   spear              [Unskilled]
   trident            [Unskilled]
   lance              [Unskilled]
   bow                [Unskilled]
   sling              [Unskilled]
   crossbow           [Unskilled]
   dart               [Basic]
   shuriken           [Unskilled]
   boomerang          [Unskilled]
   whip               [Unskilled]
   unicorn horn       [Unskilled]
 Spellcasting Skills
   divination spells  [Unskilled]
   enchantment spells [Unskilled]
   escape spells      [Unskilled]

Voluntary challenges:
 Character rerolling was not enabled.
 You never genocided any monsters.
 You never polymorphed an object.
 You never changed form.
 You used no wishes.
Achievements:
 You entered the Gnomish Mines.
 You attained the rank of Sightseer.

 The Dungeons of Doom: levels 1 to 3
    Level 1:
    Level 2:
       Some fountains.
       Stairs down to The Gnomish Mines.
    Level 3:
 The Gnomish Mines: levels 3 to 5
    Level 3:
    Level 4:
    Level 5: <- You were here.
       A grave.
       Final resting place for
          you, killed by a dwarf,
          atorox-Tou-Hum-Mal-Neu, killed by a dwarf.


Vanquished creatures:
  3 gnome leaders
  a gnomish wizard
  a little dog
  5 dwarves
  2 homunculi
  2 hobbits
  a hobgoblin
  a yellow mold
 23 gnomes
  a gnome zombie
  4 jackals
  a fox
  a goblin
  9 grid bugs
  7 lichens
  a newt
63 creatures vanquished.

No species were genocided or became extinct.

Game over:
                       ----------
                      /          \
                     /    REST    \
                    /      IN      \
                   /     PEACE      \
                  /                  \
                  |   GdeVolpiano    |
                  |     1524 Au      |
                  |   killed by a    |
                  |      dwarf       |
                  |                  |
                  |                  |
                  |       2026       |
                 *|     *  *  *      | *
        _________)/\\_//(\/(/\)/\//\/|_)_______

Aloha GdeVolpiano the Tourist...

You died in The Gnomish Mines on dungeon level 5 with 2257 points,
and 1524 pieces of gold, after 1711 moves.
You were level 5 with a maximum of 48 hit points when you died.

